 Dungeon Crawl Stone Soup version 0.23.2 (webtiles) character file.

Game seed: 3851899501301789433

492 UrielStorm the Slasher (level 7, -1/32 HPs)
             Began as a Vine Stalker Fighter on Apr 9, 2019.
             Was a Believer of Elyvilon.
             Slain by a wraith (8 damage)
             ... in an ossuary.
             The game lasted 00:40:24 (3300 turns).

UrielStorm the Slasher (Vine Stalker Fighter)       Turns: 3300, Time: 00:40:25

Health: -1/32      AC:  5    Str: 20    XL:     7   Next: 14%
Magic:  0/8        EV:  5    Int:  8    God:    Elyvilon [**....]
Gold:   186        SH:  9    Dex: 14    Spells: 6/6 levels left

rFire    . . .     SeeInvis .   v - +1 dagger (venom)
rCold    . . .     Gourm    .   c - +0 shield
rNeg     . . .     Faith    .   M - +0 chain mail
rPois    .         Spirit   +   (helmet restricted)
rElec    .         Reflect  .   (no cloak)
rCorr    +         Harm     .   (no gloves)
MR       .....                  (no boots)
Stlth    ..........             (no amulet)
HPRegen  0.50/turn              h - ring of resist corrosion
MPRegen  0.11/turn              (no ring)

@: slowed, very slow
A: fangs 2, horns 1, deformed body, frail 1, regeneration 1, magic shield,
antimagic bite, no potion heal 3, rot immunity, MP-powered wands
a: Lesser Healing, Heal Other, Divine Protection, Renounce Religion


You were in an ossuary.
You worshipped Elyvilon.
Elyvilon was pleased with you.
You were not hungry.

You visited 1 branch of the dungeon, and saw 4 of its levels.
You also visited: Ossuary.

You collected 186 gold pieces.

Inventory:

Hand Weapons
 a - a +0 falchion
 d - a +0 scythe
 j - a cursed -3 short sword
 o - a +0 hand axe
 r - a +0 glaive
 s - a +0 club
 u - a +0 spear
 v - a +1 dagger of venom (weapon)
 w - a +0 flail
 x - a +0 club
 I - a +0 hunting sling
Missiles
 i - 23 bolts
 k - 34 arrows
 m - 5 needles of paralysis
 n - 145 stones (quivered)
 t - 23 poisoned needles
Armour
 c - a +0 shield (worn)
 l - a +0 leather armour
 E - a +0 helmet
 M - a +0 chain mail (worn)
Jewellery
 h - a ring of resist corrosion (left hand)
Scrolls
 y - a scroll of remove curse
Potions
 b - a potion of lignification
 e - a potion of brilliance {unknown}
 g - a potion of heal wounds {unknown}
 p - a potion of resistance {unknown}
 q - 3 potions of flight {unknown}
 A - 3 potions of curing {unknown}
Comestibles
 f - 2 rations


   Skills:
 + Level 3.3 Fighting
 + Level 2.1(3.4) Short Blades
 + Level 4.0(4.3) Long Blades
 + Level 1.2 Polearms
 + Level 3.5 Armour
 + Level 1.0 Dodging
 + Level 3.7 Shields


You had 6 spell levels left.
You didn't know any spells.
Your spell library was empty.

Dungeon Overview and Level Annotations

Branches:
Dungeon (4/15)
 Temple: D:4-7

Altars:
Elyvilon


Innate Abilities, Weirdness & Mutations

You have extremely sharp teeth.
Your natural rate of healing is unusually fast.
When hurt, damage is shared between your health and your magic reserves.
Your bite disrupts and absorbs the magic of your enemies.
Potions cannot restore your health.
You are immune to rotting.
You have a pair of small horns on your head.
Armour fits poorly on your strangely shaped body.
You are frail. (-10% HP)
You expend magic power (3 MP) to strengthen your wands.


Message History

You headbutt the wraith, but do no damage.
The wraith is lightly damaged.
The wraith barely misses you.
You hit the wraith but do no damage. Your bite misses the wraith.
The wraith is lightly damaged.
The wraith hits you!
You hit the wraith but do no damage. You bite the wraith. You drain its power.
You feel invigorated.
The wraith is lightly damaged.
The wraith hits you!
* * * LOW HITPOINT WARNING * * *
The wraith drains your vigour!
You feel as though you will be slow longer.
The wraith hits you!
* * * LOW HITPOINT WARNING * * *
The wraith drains your vigour!
You feel as though you will be slow longer.
The wraith hits you but does no damage. The wraith hits you!
You die...

#..####.......#
#..#.'....8...#
#..####.^.....#
#..............
#........#.#..#
#..####..#+#..#
#..#?'...# .#
#..####.^###..
#...@W.........
#..............
###############


You could see a wraith.

Vanquished Creatures
  Sigmund (D:2)
  A hound (D:4)
  A centaur skeleton (D:4)
  Natasha (thrice) (D:3)
  Terence (D:2)
  A worker ant (D:4)
  Robin (D:2)
  5 adders
  A worm (D:3)
  2 dart slugs
  2 leopard geckos
  4 orcs
  3 giant cockroaches
  12 hobgoblins
  10 jackals
  7 kobolds
  A quokka (D:3)
  3 ball pythons
  6 bats
  4 frilled lizards
  A gnoll zombie (Ossuary)
  12 goblins
  3 goblin zombies (Ossuary)
  A hobgoblin zombie (Ossuary)
  3 kobold zombies (Ossuary)
  12 rats
101 creatures vanquished.

Vanquished Creatures (others)
  2 goblins (D:2)
  A hobgoblin (D:2)
  A quokka (D:2)
4 creatures vanquished.

Grand Total: 105 creatures vanquished

Notes
Turn   | Place    | Note
-------+----------+-------------------------------------------
     0 | D:1      | UrielStorm the Vine Stalker Fighter began the quest for the
                  | Orb.
     0 | D:1      | Reached XP level 1. HP: 11/11 MP: 2/2
    87 | D:1      | Reached skill level 2 in Long Blades
   119 | D:1      | Reached XP level 2. HP: 16/16 MP: 3/3
   564 | D:1      | Reached XP level 3. HP: 17/19 MP: 4/4
  1232 | D:2      | Noticed Sigmund
  1243 | D:2      | Killed Sigmund
  1243 | D:2      | Reached skill level 3 in Long Blades
  1243 | D:2      | Gained mutation: Your natural rate of healing is unusually
                  | fast. [Vine Stalker growth]
  1243 | D:2      | Reached XP level 4. HP: 9/23 MP: 3/5
  1243 | D:2      | Reached XP level 5. HP: 11/28 MP: 3/6
  1279 | D:2      | Noticed Robin
  1297 | D:2      | Killed Robin
  1356 | D:2      | Found a white marble altar of Elyvilon.
  1362 | D:2      | Became a worshipper of Elyvilon the Healer
  1368 | D:2      | Noticed Terence
  1386 | D:2      | Killed Terence
  1386 | D:2      | Reached skill level 4 in Long Blades
  1386 | D:2      | Reached XP level 6. HP: 32/32 MP: 7/7
  1869 | D:2      | Reached * piety under Elyvilon
  2109 | D:3      | Noticed Natasha
  2115 | D:3      | Killed Natasha
  2308 | D:3      | Noticed Natasha
  2319 | D:3      | Killed Natasha
  2319 | D:3      | Reached skill level 1 in Polearms
  2347 | D:3      | Noticed Natasha
  2357 | D:3      | Killed Natasha
  2357 | D:3      | Reached skill level 1 in Short Blades
  2387 | D:3      | Gained mutation: You have a pair of small horns on your
                  | head. [potion of mutation]
  2387 | D:3      | Gained mutation: Armour fits poorly on your strangely
                  | shaped body. [potion of mutation]
  2387 | D:3      | Gained mutation: You are frail. (-10% HP) [potion of
                  | mutation]
  2387 | D:3      | Gained mutation: You expend magic power (3 MP) to
                  | strengthen your wands. [potion of mutation]
  2896 | D:4      | Reached ** piety under Elyvilon
  2994 | D:4      | Reached skill level 1 in Dodging
  2994 | D:4      | Reached XP level 7. HP: 32/32 MP: 8/8
  3096 | D:4      | Found a sand-covered staircase.
  3110 | Ossuary  | Entered an ossuary
  3110 | Ossuary  | Noticed a wraith
  3110 | Ossuary  | Noticed a wraith
  3110 | Ossuary  | Noticed a wraith
  3283 | Ossuary  | Noticed a wraith
  3300 | Ossuary  | Slain by a wraith

Skill      XL: |  1  2  3  4  5  6  7 |
---------------+----------------------+-----
Long Blades    | 2 3 4 |  4.0
Shields        | 3 |  3.7
Armour         | 3 |  3.5
Fighting       | 3 |  3.3
Polearms       | 1 |  1.2
Short Blades   | 1 2 |  2.1
Dodging        | 1 |  1.0

Action                   |  1- 3 |  4- 6 |  7- 9 || total
-------------------------+-------+-------+-------++-------
Melee: Long sword        |    68 |    21 |       ||    89
       Bite              |    25 |    50 |    12 ||    87
       Scythe            |       |    36 |       ||    36
       Dagger            |       |   118 |    49 ||   167
       Headbutt          |       |     7 |    14 ||    21
  Use: Scroll            |     2 |     6 |       ||     8
       Potion            |     1 |     1 |       ||     2
  Eat: Ration            |       |     2 |     1 ||     3
Armor: Scale mail        |    22 |    18 |       ||    40
       Chain mail        |       |    63 |    14 ||    77
Dodge: Dodged            |    15 |    67 |     3 ||    85
Block: Shield            |    34 |    60 |    18 ||   112
       Rpst.: Long sword |     6 |       |       ||     6
